 Dungeon Crawl Stone Soup version 0.21.1-74-g47da925 (console) character file.

328908 toffzen the Sniper (level 22, -5/152 HPs)
             Began as a Kobold Berserker on Aug 10, 2018.
             Was the Champion of Trog.
             Shot with a bolt by a yaktaur (21 damage)
             ... led by a yaktaur captain
             ... on level 4 of the Vaults on Aug 17, 2018.
             The game lasted 03:13:31 (61812 turns).

toffzen the Sniper (Kobold Berserker)              Turns: 61812, Time: 03:13:31

Health: -5/152     AC: 21    Str: 21    XL:     22   Next: 68%
Magic:  22/22      EV: 23    Int: 10    God:    Trog [******]
Gold:   2459       SH:  3    Dex: 15    Spells: 21/21 levels left

rFire    + . .     SeeInvis +   a - +7 rapier {freeze, rN++ MR+ Dex-4 SInv}
rCold    + . .     Gourm    .   (shield restricted)
rNeg     + + .     Faith    .   g - +0 chain mail "Pemogh" {rElec MR+}
rPois    +         Spirit   .   S - +1 helmet
rElec    +         Reflect  +   H - scarf {rC+ rF+}
rCorr    .         Harm     .   L - +0 pair of gloves
MR       +++..                  p - +2 pair of boots
Stlth    ..........             O - +3 amulet of reflection
HPRegen  0.35/turn              M - ring of poison resistance
MPRegen  0.18/turn              r - +3 ring of strength

@: berserk cooldown, very slightly contaminated, slowed, very slow
A: small, carnivore
}: 2/15 runes: decaying, serpentine
a: Berserk, Trog's Hand, Brothers in Arms, Burn Spellbooks, Renounce Religion


You were on level 4 of the Vaults.
You worshipped Trog.
Trog was exalted by your worship.
You were not hungry.

You visited 6 branches of the dungeon, and saw 35 of its levels.
You also visited: Labyrinth and Ice Cave.

You collected 3515 gold pieces.
You spent 1056 gold pieces at shops.

Inventory:

Hand Weapons
 a - the +7 rapier of Torrop (weapon) {freeze, rN++ MR+ Dex-4 SInv}
   (You bought it in a shop on level 5 of the Dungeon)

   It has been specially enchanted to freeze those struck by it, causing extra
   injury to most foes and up to half again as much damage against particularly
   susceptible opponents.
   It can also slow down cold-blooded creatures.
   It affects your dexterity (-4).
   It greatly protects you from negative energy.
   It affects your resistance to hostile enchantments.
   It lets you see invisible.
 b - a +9 arbalest of flaming
 s - the +9 short sword of Intimidation {venom, rC++ rN+}
   (Trog gifted it to you on level 4 of the Vaults)

   It poisons the flesh of those it strikes.
   It greatly protects you from cold.
   It protects you from negative energy.
 G - a +3 triple crossbow of freezing
Missiles
 h - 974 stones (quivered)
 x - 618 bolts
 T - 6 throwing nets
Armour
 g - the +0 chain mail "Pemogh" (worn) {rElec MR+}
   (You found it on level 2 of the Swamp)

   It insulates you from electricity.
   It affects your resistance to hostile enchantments.
 p - a +2 pair of boots (worn)
 H - a scarf of resistance (worn)
 L - a +0 pair of gloves (worn)
 S - a +1 helmet (worn)
Jewellery
 f - an uncursed ring of protection from fire
 r - a +3 ring of strength (right hand)
 u - an uncursed ring of protection from cold
 M - a ring of poison resistance (left hand)
 O - a +3 amulet of reflection (around neck)
Wands
 d - a wand of iceblast (44)
 B - a wand of acid (56)
 E - a wand of digging (18)
 F - a wand of flame (24)
Scrolls
 j - 8 scrolls of teleportation
 k - 6 scrolls of enchant armour
 l - 18 scrolls of remove curse
 m - a scroll of torment
 o - 2 scrolls of acquirement
 q - 6 scrolls of enchant weapon
 t - a scroll of magic mapping
 w - 9 scrolls of immolation
 y - 4 scrolls of identify
 D - a scroll of silence
 I - 3 scrolls of fog
 K - 3 scrolls of holy word
 U - 2 scrolls of fear
Potions
 e - 5 potions of ambrosia
 i - 11 potions of curing
 n - a potion of haste
 z - 2 potions of invisibility
 C - 8 potions of mutation
 J - 3 potions of agility
 N - 7 potions of might
 V - 2 potions of resistance
 W - 2 potions of flight
 X - 3 potions of cancellation
 Y - 4 potions of lignification
 Z - 3 potions of brilliance
Books
 P - the Guide on Spatial Fire
   (You found it on level 3 of the Vaults)

   Spells                             Type                      Level
   a - Force Lance                    Conjuration/Translocation    4
   b - Ignition                       Fire                         8
   c - Disjunction                    Translocation                8
   Trog disapproves of the use of such an item.
Miscellaneous
 A - a sack of spiders
 R - a lamp of fire
Comestibles
 c - 75 rations


   Skills:
 + Level 19.9 Fighting
 - Level 14.0 Short Blades
 * Level 22.0 Crossbows
 + Level 14.8 Armour
 + Level 19.8 Dodging


You had 21 spell levels left.
You didn't know any spells.

Dungeon Overview and Level Annotations

Branches:
Dungeon (15/15)            Temple (0/1) D:7            Lair (6/6) D:10
  Swamp (4/4) Lair:4        Snake (4/4) Lair:4        Slime (0/5) Lair:5
    Orc (2/2) D:11            Elf (0/3) Orc:2        Vaults (4/5) D:13
  Crypt (0/3) Vaults:3     Depths (0/5) D:15

Altars:
Ashenzari
Elyvilon
Fedhas
Gozag
Nemelex Xobeh
Ru
Trog
Vehumet
Wu Jian
Xom
Zin
The Shining One
Beogh
Jiyva

Shops:
D:5 (   D:6 *   D:7 :   Orc:2 !(([   Snake:2 }==   Snake:3 (   Vaults:1 [::

Annotations:
D:9 exclusion: statue
Lair:1 exclusion: oklob plant
Vaults:2 exclusion: downstairs


Innate Abilities, Weirdness & Mutations

You are small and have problems with some larger weapons.
You are carnivorous and can eat meat at any time.


Message History

You are no longer berserk.
You are exhausted.
You feel yourself slow down.
The deep elf archer shoots an arrow.
The arrow hits you.
* * * LOW HITPOINT WARNING * * *
Blink to where?
Press: ? - help, Dir - move target cursor, f - you
Okay, then.
Unknown command.
Unknown command.
Okay, then.
Blink to where?
Press: ? - help, Dir - move target cursor You are very lightly contaminated with residual magic.
As you read the scroll of blinking, it crumbles to dust.
A wolf spider, an orc wizard and 2 yaktaurs come into view.
You hear the frantic crackle of a very distant magical portal.
The orc wizard shouts!
The yaktaur shouts! x2; You hear two shouts!
The yaktaur wields an arbalest.
The yaktaur shoots a bolt.
The bolt hits you!!
You die...

#..###### ##
#..#..ee#..#
#.('..4((.(#
#..'.4e3)..#
#..#....#(.#
#..#########
+... #...
####C#########
.c(......#
.()s...@+
..#..8.c#
##co..# ##eec#
##co# ##§c.#
#(e..# #(...(#
#.....#
e.....#
##+#####


You could see a yaktaur captain, a wolf spider, 2 deep elf archers, 5 yaktaurs,
a deep elf mage, an orc warrior and an orc wizard.

Vanquished Creatures
  Sojobo (Vaults:3)
  Bai Suzhen (Swamp:3)
  Frederick (Vaults:3)
  Xtahua (Vaults:3)
  Nikola (Vaults:2)
  Jorgrun (Vaults:1)
  Gastronok (D:8)
  The ghost of tev the Warrior, an adept MiBe of Trog (Snake:4)
  Frances (Swamp:1)
  An azure jelly (Swamp:4)
  3 tengu reavers
  6 nagarajas (Snake:4)
  Donald (Swamp:4)
  9 vault wardens
  2 fire giants
  Louise (Swamp:3)
  A deep elf sorcerer (Vaults:3)
  A curse skull (Vaults:3)
  Aizul (Swamp:3)
  13 ironheart preservers
  A war gargoyle (Vaults:3)
  6 stone giants
  2 very ugly things
  2 entropy weavers (Vaults:4)
  2 deep elf demonologists
  Nessos (D:15)
  A spark wasp (shapeshifter) (Vaults:1)
  2 deep elf annihilators
  6 dire elephants
  A crystal guardian (Vaults:3)
  A minotaur (Lab)
  6 ettins
  2 deep elf death magi
  Josephine (Swamp:1)
  7 yaktaur captains
  5 ice dragons
  Erolcha (Orc:2)
  Harold (Lair:2)
  11 hydras
  A great orb of eyes (Vaults:3)
  2 rakshasas
  Fannar (Lair:3)
  2 ghost crabs
  7 vault guards
  8 naga warriors
  A death knight (Vaults:1)
  A servant of whispers (Vaults:3)
  18 anacondas
  2 catoblepae (D:12)
  6 centaur warriors
  44 two-headed ogres
  15 ogre magi
  A tengu warrior (D:13)
  A deep troll shaman (Vaults:2)
  3 deep troll earth magi (Vaults:2)
  7 alligators
  17 naga sharpshooters
  Urug (Lair:2)
  8 orc high priests (Orc:2)
  7 shock serpents
  A small abomination (Vaults:3)
  7 deep elf knights
  2 salamander mystics (Snake:4)
  A storm dragon skeleton (Vaults:4)
  3 unseen horrors
  A skeletal warrior (Vaults:3)
  A deep troll (Vaults:2)
  8 naga ritualists
  A deep troll (shapeshifter) (Vaults:2)
  3 swamp dragons
  A spriggan druid (Swamp:4)
  6 deep elf archers
  A flayed ghost (Vaults:1)
  11 ironbrand convokers
  A wizard (D:15)
  3 harpies (Vaults:1)
  13 deep elf magi
  A necromancer (Vaults:4)
  3 phantasmal warriors
  12 mana vipers
  10 orc knights
  An orb spider (shapeshifter) (Vaults:3)
  2 orc sorcerers (Orc:2)
  3 wolf spiders
  22 ugly things
  8 cyclopes
  4 elephants (Lair:6)
  7 salamanders
  4 manticores
  2 centaur zombies
  A frost giant skeleton (Vaults:4)
  16 guardian serpents
  Maurice (D:9)
  A black mamba (shapeshifter) (Vaults:4)
  11 vault sentinels
  A fire giant skeleton (Vaults:4)
  A stone giant skeleton (Vaults:4)
  34 black mambas
  12 naga magi
  4 molten gargoyles
  23 spiny frogs
  A spiny frog (shapeshifter) (Vaults:2)
  Psyche (D:8)
  A centaur skeleton (D:14)
  3 kobold demonologists
  A gargoyle (D:15)
  A redback zombie (D:15)
  2 rime drakes
  2 efreet
  11 freezing wraiths
  14 yaktaurs
  4 komodo dragons
  A minotaur zombie (Lab)
  A queen bee (Lair:3)
  7 trolls
  A meliai (shapeshifter) (Vaults:3)
  2 tengu conjurers
  A jumping spider (Vaults:4)
  A merfolk (shapeshifter) (Vaults:1)
  A saltling (Vaults:3)
  7 hornets
  30 slime creatures
  A hornet (shapeshifter) (Vaults:2)
  36 blink frogs
  5 bog bodies
  A hippogriff (shapeshifter) (D:15)
  2 tyrant leeches
  A wolf spider simulacrum (IceCv)
  12 hippogriffs
  An ettin zombie (Vaults:4)
  2 redbacks (Vaults:4)
  6 spriggans
  8 wraiths
  2 shadows
  4 wyverns
  3 vampires (D:13)
  42 yaks
  A tarantella (Vaults:4)
  A centaur simulacrum (D:15)
  3 hungry ghosts
  Grum (D:8)
  2 basilisks
  5 swamp worm simulacra (Swamp:4)
  30 vampire mosquitoes
  A basilisk (shapeshifter) (Vaults:3)
  4 insubstantial wisps (Swamp:4)
  52 nagas
  11 wargs
  2 acid dragons
  24 swamp worms
  A soldier ant (D:13)
  14 hydra simulacra (Swamp:4)
  16 water moccasins
  A meliai simulacrum (D:15)
  6 porcupines
  A hornet zombie (D:9)
  12 ice beasts
  24 orc warriors
  A black bear (Lair:2)
  2 eyes of draining
  5 phantoms
  A swamp drake (Swamp:4)
  33 wolves
  3 sky beasts
  13 boggarts
  34 ogres
  An ogre (shapeshifter) (Vaults:3)
  A wolf (shapeshifter) (Vaults:1)
  8 centaurs
  14 crocodiles
  The ghost of loh228 the Shield-Bearer, an amateur GrFi (D:3)
  A big kobold (D:3)
  15 bullfrogs
  2 earth elementals (Lab)
  A water moccasin zombie (D:5)
  4 scorpions
  35 killer bees
  10 wights
  12 howler monkeys
  10 crimson imps
  The ghost of dscm the Grave Robber, a weakling OpNe (D:4)
  A lava snake (Lair:6)
  6 hounds
  2 bullfrog skeletons
  46 orc priests
  7 jellies
  26 orc wizards
  4 iguanas
  9 worker ants
  An ogre skeleton (Lab)
  3 hound skeletons
  A worker ant zombie (D:7)
  12 adders
  A howler monkey skeleton (D:7)
  5 shadow imps
  3 swamp drake simulacra (Swamp:4)
  5 oozes (D:11)
  An adder zombie (D:7)
  4 adder skeletons
  14 worms
  2 dart slugs
  6 leopard geckos
  104 orcs
  4 ball pythons
  4 bats
  5 giant cockroaches
  6 goblins
  5 hobgoblins
  3 jackals
  3 quokkas
  7 frilled lizards
  A jackal skeleton (D:8)
  13 kobolds
  2 quokka skeletons (D:7)
  5 rats
  A plant (Lair:6)
1469 creatures vanquished.

Vanquished Creatures (collateral kills)
  A sphinx (D:11)
  A slime creature (Vaults:1)
  The ghost of toffzen the Quickloader, a journeyman KoHu of Nemelex Xobeh (D:12)
  A vault guard (Vaults:2)
  A centaur warrior (D:15)
  A vampire mosquito (D:11)
  A wyvern zombie (D:15)
  A wyvern simulacrum (D:11)
  2 orcs (D:15)
10 creatures vanquished.

Vanquished Creatures (others)
  A ghost crab (Swamp:4)
  A hydra (Swamp:4)
  A deep elf mage (Vaults:2)
  A centaur zombie (D:13)
  A saltling (Vaults:3)
  2 fungi
  8 plants
15 creatures vanquished.

Grand Total: 1494 creatures vanquished

Notes
Turn   | Place    | Note
-------+----------+-------------------------------------------
     0 | D:1      | toffzen the Kobold Berserker began the quest for the Orb.
     0 | D:1      | Reached XP level 1. HP: 14/14 MP: 1/1
    88 | D:1      | Reached XP level 2. HP: 18/19 MP: 2/2
   635 | D:2      | Reached XP level 3. HP: 20/23 MP: 3/3
   801 | D:2      | Reached ** piety under Trog
  1164 | D:3      | Noticed a big kobold
  1181 | D:3      | Killed a big kobold
  1181 | D:3      | Reached skill level 5 in Short Blades
  1181 | D:3      | Reached XP level 4. HP: 29/29 MP: 4/4
  1181 | D:3      | Reached XP level 5. HP: 33/33 MP: 5/5
  1378 | D:3      | Found a glowing golden altar of the Shining One.
  1813 | D:3      | Noticed loh228's ghost (amateur GrFi)
  1862 | D:4      | Reached XP level 6. HP: 38/38 MP: 6/6
  1990 | D:4      | Noticed an ogre
  1993 | D:4      | Killed an ogre
  2050 | D:4      | Found a sand-covered staircase.
  2078 | D:4      | Noticed an ogre
  2086 | D:4      | Killed an ogre
  2086 | D:4      | Reached XP level 7. HP: 32/44 MP: 7/7
  2409 | D:4      | Noticed dscm's ghost (weakling OpNe)
  2415 | D:4      | Killed dscm's ghost
  3169 | D:3      | Killed loh228's ghost
  3169 | D:3      | Reached skill level 5 in Fighting
  3836 | D:5      | Entered Level 5 of the Dungeon
  3993 | D:5      | Reached XP level 8. HP: 41/49 MP: 8/8
  4020 | D:5      | Reached skill level 5 in Dodging
  4321 | D:5      | Found a glowing silver altar of Zin.
  4497 | D:5      | Found Doisurphaf's Antique Weapon Shop.
  4874 | D:6      | Found an ornate altar of the Wu Jian Council.
  4949 | D:6      | Reached *** piety under Trog
  5033 | D:6      | Found Himufrasm's Elemental Accessories.
  5906 | D:7      | Reached XP level 9. HP: 52/55 MP: 9/9
  6063 | D:7      | Found a staircase to the Ecumenical Temple.
  6294 | D:7      | Found Qotysch's Book Shoppe.
  6709 | D:5      | Bought an ebony rapier for 234 gold pieces
  6709 | D:5      | Identified the +7 rapier of Torrop {freeze, rN++ MR+ Dex-4 SInv} (You bought it in a shop on level 5 of the Dungeon)
  6917 | D:8      | Noticed Gastronok
  6929 | D:8      | Killed Gastronok
  6929 | D:8      | Reached skill level 5 in Armour
  6929 | D:8      | Reached XP level 10. HP: 40/63 MP: 10/10
  6985 | D:8      | Found a blossoming altar of Fedhas.
  7020 | D:8      | Noticed a two-headed ogre
  7027 | D:8      | Killed a two-headed ogre
  7282 | D:8      | Noticed Grum
  7288 | D:8      | Killed Grum
  7390 | D:8      | Noticed a two-headed ogre
  7400 | D:8      | Killed a two-headed ogre
  7607 | D:8      | Noticed a two-headed ogre
  7650 | D:9      | Reached XP level 11. HP: 55/69 MP: 11/11
  7780 | D:9      | Found a sparkling altar of Nemelex Xobeh.
  7782 | D:9      | Found a shattered altar of Ashenzari.
  7788 | D:9      | Found a shimmering altar of Xom.
  7788 | D:9      | Found a sacrificial altar of Ru.
  7811 | D:9      | Found an opulent altar of Gozag.
  7916 | D:9      | Noticed a two-headed ogre
  7940 | D:9      | Killed a two-headed ogre
  8135 | D:9      | Noticed Maurice
  8143 | D:9      | Killed Maurice
  8402 | D:9      | Found a radiant altar of Vehumet.
  8622 | D:10     | Entered Level 10 of the Dungeon
  8655 | D:8      | Noticed Psyche
  8946 | D:8      | Killed a two-headed ogre
  9060 | D:8      | Reached **** piety under Trog
  9685 | D:8      | Killed Psyche
 10257 | D:8      | Found a blossoming altar of Fedhas.
 10504 | D:10     | Noticed a brown ugly thing
 10513 | D:10     | Killed a brown ugly thing
 10513 | D:10     | Reached skill level 10 in Dodging
 11098 | D:10     | Found a staircase to the Lair.
 11122 | Lair:1   | Entered Level 1 of the Lair of Beasts
 11194 | Lair:1   | Reached XP level 12. HP: 66/77 MP: 12/12
 11201 | Lair:1   | Reached skill level 10 in Fighting
 12439 | Lair:2   | Found a labyrinth entrance.
 12454 | Lab      | Entered a labyrinth
 12495 | Lab      | Noticed an unseen horror
 12500 | Lab      | Killed an unseen horror
 12650 | Lab      | Noticed an unseen horror
 12656 | Lab      | Killed an unseen horror
 13107 | Lab      | Received a gift from Trog
 14672 | Lab      | Noticed a minotaur
 14679 | Lab      | Killed a minotaur
 14679 | Lab      | Reached skill level 1 in Crossbows
 14718 | Lab      | Got a flickering golden amulet
 14719 | Lab      | Got a warped whip
 14731 | Lab      | Identified the +1 whip of Ryrea {speed, rPois rF- Str+7 Dex+2} (You found it in a labyrinth)
 14733 | Lab      | Identified the amulet "Agoac" {Gourm MR+} (You found it in a labyrinth)
 14752 | Lab      | Reached skill level 2 in Crossbows
 14881 | Lair:2   | Noticed Harold
 14890 | Lair:2   | Killed Harold
 14955 | Lair:2   | Reached skill level 3 in Crossbows
 15005 | Lair:2   | Noticed Urug
 15021 | Lair:2   | Killed Urug
 15190 | Lair:2   | Reached skill level 4 in Crossbows
 15645 | Lair:3   | Reached XP level 13. HP: 76/84 MP: 13/13
 15972 | Lair:3   | Reached skill level 5 in Crossbows
 16542 | Lair:3   | Noticed Fannar
 16570 | Lair:3   | Killed Fannar
 16570 | Lair:3   | Reached skill level 6 in Crossbows
 16620 | Lair:3   | Got a bloodstained hunting sling
 17388 | Lair:3   | Identified the +9 hunting sling "Ece Efitt" {speed, Str+2} (You found it on level 3 of the Lair of Beasts)
 17541 | Lair:4   | Reached skill level 7 in Crossbows
 17700 | Lair:4   | Found a staircase to the Swamp.
 17739 | Lair:4   | Found a staircase to the Snake Pit.
 17887 | Lair:4   | Received a gift from Trog
 17940 | Lair:4   | Reached skill level 8 in Crossbows
 18860 | Lair:5   | Reached ***** piety under Trog
 19015 | Lair:5   | Found a viscous altar of Jiyva.
 19016 | Lair:5   | Found a staircase to the Slime Pits.
 19178 | Lair:5   | Reached skill level 9 in Crossbows
 19414 | Lair:5   | Reached XP level 14. HP: 85/92 MP: 14/14
 19736 | Lair:5   | Found a bloodstained altar of Trog.
 20281 | Lair:6   | Entered Level 6 of the Lair of Beasts
 20697 | Lair:6   | Received a gift from Trog
 20753 | Lair:6   | Reached skill level 10 in Crossbows
 21918 | Lair:6   | Received a gift from Trog
 21923 | Lair:6   | Noticed a dire elephant
 22050 | Lair:6   | Killed a dire elephant
 22050 | Lair:6   | Reached skill level 11 in Crossbows
 22217 | Lair:6   | Noticed a dire elephant
 22234 | Lair:6   | Killed a dire elephant
 22234 | Lair:6   | Reached skill level 10 in Armour
 22534 | Lair:6   | Noticed a dire elephant
 22534 | Lair:6   | Noticed a dire elephant
 22541 | Lair:6   | Noticed a dire elephant
 22619 | Lair:6   | Noticed a dire elephant
 22635 | Lair:5   | Killed a dire elephant
 22965 | Lair:6   | Killed a dire elephant
 23135 | Lair:6   | Killed a dire elephant
 23493 | D:11     | Found a frozen archway.
 23515 | IceCv    | Entered an ice cave
 24167 | D:11     | Found a staircase to the Orcish Mines.
 24179 | D:11     | Received a gift from Trog
 24253 | D:11     | Found a roughly hewn altar of Beogh.
 24477 | D:11     | Found a runed door.
 24508 | D:11     | Noticed a sphinx
 24514 | D:11     | Killed a sphinx
 24514 | D:11     | Reached skill level 12 in Crossbows
 24514 | D:11     | Reached XP level 15. HP: 94/98 MP: 15/15
 24632 | D:11     | Received a gift from Trog
 24679 | D:11     | Found a viscous altar of Jiyva.
 24831 | D:11     | Found a white marble altar of Elyvilon.
 25199 | D:11     | Received a gift from Trog
 25857 | D:12     | Noticed toffzen's ghost (journeyman KoHu)
 26209 | D:12     | Killed toffzen's ghost
 26891 | D:12     | Received a gift from Trog
 27811 | D:13     | Reached skill level 13 in Crossbows
 27864 | D:13     | Found a radiant altar of Vehumet.
 28053 | D:13     | Found a gate to the Vaults.
 28312 | D:13     | Noticed a cyan very ugly thing
 28327 | D:13     | Killed a cyan very ugly thing
 30354 | D:14     | Got a translucent spear
 30355 | D:14     | Identified the +4 spear of Balance {pain, Int+4 Dex+4} (You found it on level 14 of the Dungeon)
 30455 | D:15     | Entered Level 15 of the Dungeon
 30818 | D:15     | Reached skill level 14 in Crossbows
 30832 | D:15     | Received a gift from Trog
 30939 | D:15     | Reached XP level 16. HP: 102/106 MP: 16/16
 31112 | D:15     | Noticed Nessos
 31166 | D:15     | Killed Nessos
 31325 | D:15     | Found a staircase to the Depths.
 31398 | D:15     | Received a gift from Trog
 31415 | D:15     | Reached skill level 15 in Dodging
 31691 | D:15     | Got a pitted rapier
 31692 | D:15     | Identified the cursed +1 rapier of Immorality {freeze, rElec Dex+4} (You found it on level 15 of the Dungeon)
 31909 | D:15     | Reached skill level 15 in Crossbows
 32694 | Orc:1    | Entered Level 1 of the Orcish Mines
 33759 | Orc:2    | Entered Level 2 of the Orcish Mines
 33759 | Orc:2    | Noticed Erolcha
 33918 | Orc:2    | Found a staircase to the Elven Halls.
 34046 | Orc:2    | Received a gift from Trog
 34197 | Orc:2    | Found Ethim's Weapon Emporium.
 34397 | Orc:2    | Found Geakhleo's Distillery.
 34419 | Orc:2    | Bought a potion of heal wounds for 75 gold pieces
 34419 | Orc:2    | Bought a potion of heal wounds for 75 gold pieces
 34419 | Orc:2    | Bought a potion of haste for 150 gold pieces
 34419 | Orc:2    | Bought a potion of might for 60 gold pieces
 34698 | Orc:2    | Found a roughly hewn altar of Beogh.
 34708 | Orc:2    | Killed Erolcha
 34752 | Orc:2    | Found Deerr's Antique Armour Emporium.
 34752 | Orc:2    | Found Nocab's Weapon Boutique.
 35146 | Orc:2    | Bought a potion of might for 60 gold pieces
 35146 | Orc:2    | Bought a potion of might for 60 gold pieces
 35146 | Orc:2    | Bought a potion of might for 60 gold pieces
 35585 | Snake:1  | Entered Level 1 of the Snake Pit
 35662 | Snake:1  | Reached XP level 17. HP: 112/112 MP: 17/17
 35684 | Snake:1  | Received a gift from Trog
 36172 | Snake:1  | Reached skill level 16 in Crossbows
 36804 | Snake:1  | Reached skill level 15 in Fighting
 36880 | Snake:1  | Received a gift from Trog
 39082 | Snake:2  | Received a gift from Trog
 39788 | Snake:2  | Reached skill level 17 in Crossbows
 40000 | Snake:2  | Found Uleoph's Gadget Boutique.
 40000 | Snake:2  | Found Ymup's Jewellery Shoppe.
 40001 | Snake:2  | Found Vusiuhut's Jewellery Shoppe.
 40096 | Snake:2  | Received a gift from Trog
 40703 | Snake:3  | Identified Sif Muna's Reference Book on the Compass
 41028 | Snake:3  | Found Carurphuh's Weapon Boutique.
 41254 | Snake:4  | Entered Level 4 of the Snake Pit
 41696 | Snake:4  | Reached XP level 18. HP: 119/119 MP: 18/18
 41852 | Snake:4  | Reached ****** piety under Trog
 41868 | Snake:4  | Noticed tev's ghost (adept MiBe)
 42072 | Snake:4  | Killed tev's ghost
 42308 | Snake:4  | Received a gift from Trog
 42940 | Snake:4  | Received a gift from Trog
 43318 | Snake:4  | Reached skill level 18 in Crossbows
 43418 | Snake:4  | Received a gift from Trog
 45093 | Snake:4  | Got a serpentine rune of Zot
 45293 | Snake:2  | Bought a +3 amulet of reflection for 282 gold pieces
 45486 | Swamp:1  | Entered Level 1 of the Swamp
 45594 | Swamp:1  | Received a gift from Trog
 45789 | Swamp:1  | Noticed Frances
 45797 | Swamp:1  | Killed Frances
 45797 | Swamp:1  | Reached XP level 19. HP: 127/127 MP: 19/19
 45809 | Swamp:1  | Noticed Josephine
 45813 | Swamp:1  | Killed Josephine
 46755 | Swamp:2  | Got a twisted chain mail
 46766 | Swamp:2  | Identified the +0 chain mail "Pemogh" {rElec MR+} (You found it on level 2 of the Swamp)
 46959 | Swamp:3  | Noticed Louise
 46970 | Swamp:3  | Killed Louise
 47076 | Swamp:3  | Noticed Bai Suzhen
 47106 | Swamp:3  | Killed Bai Suzhen
 47681 | Swamp:3  | Received a gift from Trog
 47946 | Swamp:3  | Noticed Aizul
 47955 | Swamp:3  | Killed Aizul
 48228 | Swamp:4  | Entered Level 4 of the Swamp
 49600 | Swamp:4  | Noticed Donald
 49621 | Swamp:4  | Killed Donald
 50591 | Swamp:4  | Received a gift from Trog
 50812 | Swamp:4  | Identified a scroll of acquirement
 51407 | Swamp:4  | Got a decaying rune of Zot
 51795 | Vaults:1 | Entered Level 1 of the Vaults
 51847 | Vaults:1 | Noticed Jorgrun
 51874 | Vaults:1 | Killed Jorgrun
 51874 | Vaults:1 | Reached skill level 19 in Crossbows
 51907 | Vaults:1 | Received a gift from Trog
 52002 | Vaults:1 | Reached XP level 20. HP: 88/136 MP: 20/20
 52026 | Vaults:1 | Noticed a Tzitzimitl
 53115 | Vaults:1 | Found Haashre's Book Boutique.
 53391 | Vaults:1 | Found Vitri's Book Emporium.
 53456 | Vaults:1 | Received a gift from Trog
 54070 | Vaults:1 | Found Suw Ciucy's Armour Emporium.
 55656 | Vaults:2 | Noticed Nikola
 55665 | Vaults:2 | Killed Nikola
 56226 | Vaults:2 | Reached skill level 20 in Crossbows
 56226 | Vaults:2 | Reached XP level 21. HP: 57/143 MP: 21/21
 56882 | Vaults:2 | Received a gift from Trog
 57729 | Vaults:3 | Found a white marble altar of Elyvilon.
 57736 | Vaults:3 | Noticed Frederick
 57916 | Vaults:3 | Noticed Sojobo
 57941 | Vaults:3 | Killed Sojobo
 57954 | Vaults:2 | Received a gift from Trog
 58368 | Vaults:3 | Killed Frederick
 59397 | Vaults:3 | Noticed Xtahua
 59407 | Vaults:3 | Killed Xtahua
 59407 | Vaults:3 | Reached skill level 21 in Crossbows
 59695 | Vaults:3 | Reached XP level 22. HP: 146/150 MP: 22/22
 59744 | Vaults:3 | Received a gift from Trog
 59884 | Vaults:3 | Identified the Guide on Spatial Fire
 61070 | Vaults:3 | Found a staircase to the Crypt.
 61459 | Vaults:4 | Received a gift from Trog
 61464 | Vaults:4 | Got an ancient short sword {god gift}
 61479 | Vaults:4 | Identified the +9 short sword of Intimidation {venom, rC++ rN+} (Trog gifted it to you on level 4 of the Vaults)
 61805 | Vaults:4 | Reached skill level 22 in Crossbows
 61812 | Vaults:4 | Shot with a bolt by a yaktaur

Skill      XL: |  1  2  3  4  5  6  7  8  9 10 11 12 13 14 15 16 17 18 19 20 21 22 |
---------------+-------------------------------------------------------------------+-----
Dodging        | 3 4 6 7 8 10 11 12 13 14 15 16 17 18 19 | 19.8
Armour         | 2 3 4 5 6 7 8 9 10 11 12 13 14 | 14.8
Fighting       | 4 5 6 7 8 9 11 12 13 14 15 16 18 19 | 19.9
Short Blades   | 5 6 7 9 11 13 14 | 14.0
Crossbows      | 4 9 12 14 15 17 18 19 20 21 22 | 22.0

Action                   |  1- 3 |  4- 6 |  7- 9 | 10-12 | 13-15 | 16-18 | 19-21 | 22-24 || total
-------------------------+-------+-------+-------+-------+-------+-------+-------+-------++-------
Melee: Short sword       |    80 |    68 |   397 |       |       |       |       |       ||   545
       Rapier            |       |       |    12 |   518 |   914 |   583 |   489 |    70 ||  2586
 Fire: Hand crossbow     |       |       |       |     3 |   154 |       |       |       ||   157
       Arbalest          |       |       |       |       |   425 |   922 |  1020 |   260 ||  2627
Throw: Stone             |       |     7 |     7 |    10 |     1 |       |       |       ||    25
Invok: Berserk           |     2 |     7 |    12 |    13 |    20 |    11 |    13 |     2 ||    80
       Trog's Hand       |       |       |     5 |     9 |    10 |    13 |    27 |     3 ||    67
       Brothers in Arms  |       |       |       |       |     3 |       |     4 |       ||     7
Evoke: Wand              |       |       |       |     1 |     2 |       |       |     1 ||     4
       Sack of spiders   |       |       |       |       |       |       |     1 |       ||     1
  Use: Scroll            |       |     3 |     2 |     9 |    20 |     7 |     9 |     7 ||    57
       Potion            |       |       |       |     1 |     1 |     3 |    10 |     2 ||    17
  Eat: Chunk             |    10 |    10 |    23 |    47 |    71 |    67 |    66 |     3 ||   297
       Ration            |       |       |     1 |     1 |       |     1 |     1 |       ||     4
Armor: Animal skin       |     1 |       |       |       |       |       |       |       ||     1
       Ring mail         |    15 |    11 |    32 |       |       |       |       |       ||    58
       Plate armour      |       |       |    51 |   135 |   338 |   260 |     8 |       ||   792
       Chain mail        |       |       |       |       |       |       |   195 |    27 ||   222
       Storm dragon scal |       |       |       |       |       |       |     5 |       ||     5
Dodge: Dodged            |    59 |    34 |   160 |   173 |   650 |   503 |   625 |   144 ||  2348
Block: Other             |       |       |       |       |       |       |    70 |     8 ||    78
       Reflection        |       |       |       |       |       |       |     5 |     1 ||     6
